 Dungeon Sprint DCSS version 0.28-a0-390-gb254ac4902 (webtiles) character file.

Game seed: 15026910666917560365

10341 jt the Corrupter of Planes (level 11, -4/67 (84) HPs)
             Began as a Hill Orc Abyssal Knight on Sept 5, 2021.
             Was the Champion of Lugonu.
             Killed from afar by a shadow dragon (28 damage)
             ... with a bolt of negative energy
             ... in the Dungeon (Sprint I: "Red Sonja").
             The game lasted 00:19:34 (3110 turns).

jt the Corrupter of Planes (HOAK)                   Turns: 3110, Time: 00:19:35

HP:   -4/67 (84)    AC: 14    Str: 25 (27) XL:     11   Next: 60%
MP:   22/22         EV:  9    Int: 14 (15) God:    Lugonu [******]
Gold: 82            SH: 10    Dex:  5      Spells: 10/10 levels left

rFire   + + .      SeeInvis .   a - +6 war axe (elec)
rCold   + + .      Faith    .   n - +0 kite shield of Fallacy {Regen+ rCorr Int+3}
rNeg    . . .      Spirit   .   v - +2 scale mail {rC+}
rPois   +          Reflect  .   z - +1 helmet
rElec   +          Harm     .   (no cloak)
rCorr   +          Rampage  .   y - +2 pair of gloves {Str+3}
Will    .....      Rnd*Rage +   A - +2 pair of boots {Fly} Stlth ..........NoTele +
                                (no amulet)
HPRegen 2.21/turn               x - ring of Fuotagav {rF+ Str+7 Dex-5 Stlth+}
MPRegen 0.18/turn               D - ring of wizardry

@: mighty, resistant, flying, hasted, heavily drained, unable to read, very
quick
A: berserk 3, deformed body, deterioration 2, frail 3, low mp 1, regeneration 1,
screaming 1, weak 1, subdued magic 1, inability to read while threatened
a: Renounce Religion, Bend Space, Banish, Corrupt, Brand Weapon With Distortion


You were in the Dungeon.
You worshipped Lugonu.
Lugonu was exalted by your worship.
You visited 1 branch You collected 2856 gold pieces.
You spent 2774 gold pieces at shops.

Inventory:

Hand Weapons
 a - a +6 war axe of electrocution (weapon)
 c - a +0 scythe
 m - a +0 war axe
 s - a +5 hunting sling of freezing
 t - a +2 lajatang of electrocution
 u - a +1 hand axe
Missiles
 e - 43 stones (quivered)
 o - 22 bolts
 w - 21 arrows
Armour
 b - a +0 leather armour
 d - a +0 pair of boots
 g - a +0 scale mail
 j - a +0 ring mail
 n - the +0 kite shield of Fallacy (worn) {Regen+ rCorr Int+3}
   (You bought it in a shop in the Dungeon)

   Int:       It affects your intelligence (+3).
   Regen:     It increases your rate of health regeneration.
   rCorr:     It protects you from acid and corrosion.
 q - a +0 crystal plate armour
 v - a +2 scale mail of cold resistance (worn)
 y - a +2 pair of gloves of strength (worn)
 z - a +1 helmet (worn)
 A - a +2 pair of boots of flying (worn)
Jewellery
 x - the ring of Fuotagav (left hand) {rF+ Str+7 Dex-5 Stlth+}
   (You acquired it in the Dungeon)

   [ring of protection from fire]

   Str:       It affects your strength (+7).
   Dex:       It affects your dexterity (-5).
   rF:        It protects you from fire.
   Stlth:     It makes you more stealthy.
 D - a ring of wizardry (right hand)
Wands
 k - a wand of flame (15)
Scrolls
 B - a scroll of amnesia {unknown}
Potions
 f - 2 potions of magic
 i - 2 potions of curing
 C - a potion of lignification
 E - a potion of invisibility


   Skills:
 + Level 18.9 Fighting
 - Level 16.0 Axes
 + Level 3.3 Armour
 - Level 0.7 Dodging
 + Level 11.3 Shields
 + Level 19.1 Invocations


You had 10 spell levels left.
You didn't know any spells.
Your spell library contained the following spells:

 Spells                   Type           Power      Damage    Failure   Level
 Summon Small Mammal      Summ           0%         N/A       34%         1
 Call Canine Familiar     Summ           0%         N/A       71%         3
 Summon Guardian Golem    Hex/Summ       0%         N/A       71%         3


Dungeon Overview and Level Annotations

Branches:
Dungeon (1/1)

Altars:
Cheibriados
Dithmenos
Elyvilon
Fedhas
Gozag
Hepliaklqana
Kikubaaqudgha
Makhleb
Nemelex Xobeh
Okawaru
Qazlal
Ru
Sif Muna
Trog
Uskayaw
Vehumet
Wu Jian
Xom
Yredelemnul
Zin
The Shining One
Jiyva
Lugonu

Shops:
D =[[:[[!(((!::?(*=[*[[

Annotations:
D corrupted


Innate Abilities, Weirdness & Mutations

You have an uncontrollable temper.
Armour fits poorly on your strangely shaped body.
Your body often deteriorates upon taking damage.
You are extremely frail. (-30% HP)
Your magical capacity is low. (-10% MP)
Your natural rate of healing is unusually fast.
You occasionally shout uncontrollably at your foes.
You are weak. (Str -2)
Your spells are a little easier to cast, but a little less powerful.
You sometimes lose the ability to read scrolls when taking damage.


Message History

The shadow dragon bites you!
You feel drained. The shadow dragon claws you.
You block the shadow dragon's attack.
You hit the shadow dragon.
Lightning courses through the shadow dragon!
The shadow dragon is moderately wounded.
The shadow dragon breathes negative energy at you.
The bolt of negative energy hits you!!!
You feel drained.
Ouch! That really hurt!
* * * LOW HITPOINT WARNING * * *
Your body deteriorates!
You feel weakened.
Found 81 gold pieces.
You feel much better.
The golden dragon roars deafeningly!
The shadow dragon bites you but does no damage.
You block the shadow dragon's attack.
The shadow dragon claws you but does no damage.
Found 27 gold pieces.
You feel yourself speed up. You block the shadow dragon's attack.
The shadow dragon closely misses you.
The shadow dragon claws you but does no damage.
You hit the shadow dragon.
The shadow dragon is moderately wounded.
You slice the shadow dragon!!
The shadow dragon is heavily wounded.
The shadow dragon breathes negative energy at you.
The bolt of negative energy hits you!!
You feel drained.
You feel threatened and lose the ability to read scrolls!
* * * LOW HITPOINT WARNING * * *
Press: ? - help, v - describe, . - travel
Here: a golden dragon (purple smoke)
The floor.
There is an open door here.
You feel better.
The shadow dragon is engulfed in a cloud of scalding steam.
You slash the shadow dragon!
The shadow dragon is severely wounded.
You hit the golden dragon but do no damage.
The shadow dragon breathes negative energy at you.
The bolt of negative energy hits you!!
You feel drained.
You die...

##################
§.§..§'§.#..§.§.§#
§§§§§##..'§§#§.§§##
#§§§#######§#§.§.§#
###§# #..#§.§§.#
#)#§# #..##.§.§#
.##.§###$#..§###§##
..##.#A#$#..≈e #§###
..#
.###$#..≈.##@#.§..##
'##
##..$#..≈##§DD§..§.#
##
+###..≈#..§§.§§§§.
.### ≈..##....§§§§.§
°#.### #.§§.§.§§....
...○.# #.§.§.)§.....
.....# ##.....§....#
..#### #$$$$$$$$$$#
### ##$$$$$$$$##


You could see a shadow dragon (catching breath) and a golden dragon.

Vanquished Creatures
  An oklob plant (D)
  8 shining eyes (D)
  2 merfolk sirens (D)
  2 unseen horrors (D)
  2 kobold demonologists (D)
  A hellwing (D)
  A slime creature (D)
  Sigmund (D)
  2 redbacks (D)
  A yak (D)
  6 floating eyes (D)
  7 necrophages (D)
  An ogre (D)
  8 jellies (D)
  Ijyb (D)
44 creatures vanquished.

Vanquished Creatures (others)
  A lorocyproca (D)
  A hydra (D)
  A lindwurm (D)
  2 gargoyles (D)
  4 demonic crawlers (D)
  A meliai (D)
  13 hogs (D)
  A floating eye (D)
  2 ballistomycete spores (D)
26 creatures vanquished.

Grand Total: 70 creatures vanquished

Notes
Turn   | Place    | Note
-------+----------+-------------------------------------------
     0 | D        | jt the Hill Orc Abyssal Knight began the quest for the Orb.
     0 | D        | Reached XP level 1. HP: 19/19 MP: 2/2
     1 | D        | Noticed Ijyb
    14 | D        | Killed Ijyb
    15 | D        | Reached XP level 2. HP: 12/26 MP: 3/3
    15 | D        | Reached XP level 3. HP: 14/31 MP: 4/4
   178 | D        | Noticed an ogre
   185 | D        | Killed an ogre
   185 | D        | Reached ** piety under Lugonu
   186 | D        | Reached XP level 4. HP: 39/39 MP: 5/5
   230 | D        | Noticed Sigmund
   241 | D        | HP: 1/39 [something (11)]
   257 | D        | Killed Sigmund
   258 | D        | Reached XP level 5. HP: 12/53 MP: 6/6
   258 | D        | Reached XP level 6. HP: 14/61 MP: 7/7
   507 | D        | Found a shimmering blue altar of Sif Muna.
   508 | D        | Found an ornate altar of the Wu Jian Council.
   509 | D        | Found a radiant altar of Vehumet.
   516 | D        | Reached skill level 3 in Invocations
   591 | D        | Found Qecot's Book Emporium.
   591 | D        | Found an ancient bone altar of Kikubaaqudgha.
   591 | D        | Found a hazy altar of Hepliaklqana.
   591 | D        | Found a hide-covered altar of Uskayaw.
   591 | D        | Found a basalt altar of Yredelemnul.
   591 | D        | Found an opulent altar of Gozag.
   591 | D        | Found a snail-covered altar of Cheibriados.
   591 | D        | Found a sacrificial altar of Ru.
   591 | D        | Found a shadowy altar of Dithmenos.
   591 | D        | Noticed a yak
   601 | D        | Killed a yak
   602 | D        | Reached skill level 10 in Fighting
   602 | D        | Reached skill level 7 in Invocations
   602 | D        | Reached XP level 7. HP: 33/72 MP: 8/12
   602 | D        | Found a stormy altar of Qazlal.
   602 | D        | Found a blossoming altar of Fedhas.
   602 | D        | Found a bloodstained altar of Trog.
   602 | D        | Found an iron altar of Okawaru.
   602 | D        | Found a glowing golden altar of the Shining One.
   602 | D        | Found a glowing silver altar of Zin.
   602 | D        | Found a white marble altar of Elyvilon.
   603 | D        | Found a sparkling altar of Nemelex Xobeh.
   673 | D        | Killed a gargoyle
   789 | D        | Found a viscous altar of Jiyva.
   789 | D        | Found a corrupted altar of Lugonu.
   789 | D        | Noticed a slime creature
   790 | D        | Found a burning altar of Makhleb.
   790 | D        | Found a shimmering altar of Xom.
   803 | D        | Killed a slime creature
   803 | D        | Reached *** piety under Lugonu
   804 | D        | Reached skill level 9 in Invocations
  1021 | D        | Noticed a kobold demonologist
  1022 | D        | Noticed a kobold demonologist
  1025 | D        | Reached skill level 10 in Invocations
  1032 | D        | Noticed a ynoxinul
  1036 | D        | Noticed a hellwing
  1048 | D        | Noticed a hellwing
  1057 | D        | Killed a kobold demonologist
  1058 | D        | Reached skill level 11 in Invocations
  1058 | D        | Reached XP level 8. HP: 42/85 MP: 14/16
  1059 | D        | Killed a kobold demonologist
  1060 | D        | Reached skill level 12 in Invocations
  1252 | D        | Noticed Sonja
  1253 | D        | Reached **** piety under Lugonu
  1253 | D        | Banished Sonja
  1254 | D        | Reached skill level 14 in Invocations
  1254 | D        | Reached XP level 9. HP: 96/96 MP: 13/19
  1268 | D        | Found Depur's Jewellery Boutique.
  1323 | D        | Noticed a deep troll
  1324 | D        | Banished a deep troll
  1325 | D        | Reached skill level 15 in Fighting
  1325 | D        | Reached skill level 15 in Invocations
  1335 | D        | Found Xadish's Armour Emporium.
  1343 | D        | Bought the +0 kite shield of Fallacy {Regen+ rCorr Int+3}
                  | for 327 gold pieces
  1360 | D        | Noticed a centaur warrior
  1360 | D        | Noticed a centaur warrior
  1365 | D        | Banished a centaur warrior
  1371 | D        | Banished a centaur warrior
  1372 | D        | Reached skill level 15 in Axes
  1372 | D        | Reached skill level 5 in Shields
  1372 | D        | Reached skill level 16 in Invocations
  1372 | D        | Reached XP level 10. HP: 14/107 MP: 9/22
  1732 | D        | Paralysed by a hornet for 1 turns
  1888 | D        | Noticed an oklob plant
  1900 | D        | Killed an oklob plant
  1940 | D        | Reached ***** piety under Lugonu
  2017 | D        | Reached ****** piety under Lugonu
  2033 | D        | Reached skill level 17 in Invocations
  2068 | D        | Found Deumum's Antique Weapon Shoppe.
  2068 | D        | Found Xosm's Distillery.
  2068 | D        | Found Yzoqiec's Weapon Boutique.
  2070 | D        | Found Sezi's Antique Weapon Emporium.
  2070 | D        | Found Nismety's Distillery.
  2070 | D        | Found Dodoem's Book Shoppe.
  2070 | D        | Found Jaojamad's Book Boutique.
  2070 | D        | Found Kali's Magic Scroll Emporium.
  2070 | D        | Found Heon Urgh's Antique Weapon Shop.
  2070 | D        | Found Bes Ytir's General Store.
  2073 | D        | Found Kyhee's Jewellery Boutique.
  2074 | D        | Found Kin Ylui's Assorted Antiques.
  2074 | D        | Found Wufiudie's Armour Boutique.
  2075 | D        | Found Cythuow's Armour Emporium.
  2091 | D        | Bought a scroll of acquirement for 572 gold pieces
  2091 | D        | Acquired the ring of Fuotagav {rF+ Str+7 Dex-5 Stlth+}
  2145 | D        | Gained mutation: You are frail. (-10% HP) [potion of
                  | mutation]
  2145 | D        | Gained mutation: Your natural rate of healing is unusually
                  | fast. [potion of mutation]
  2151 | D        | Corrupted D
  2151 | D        | Noticed a starcursed mass
  2151 | D        | Noticed a gargoyle
  2151 | D        | Noticed an eidolon
  2151 | D        | Noticed a brown very ugly thing
  2151 | D        | Noticed a tentacled starspawn
  2155 | D        | Killed a lindwurm
  2157 | D        | Killed a gargoyle
  2158 | D        | Noticed a spatial maelstrom
  2161 | D        | Noticed a bone dragon
  2161 | D        | Killed a lorocyproca
  2185 | D        | Noticed a rust devil
  2198 | D        | Noticed a worldbinder
  2224 | D        | Noticed a green very ugly thing
  2228 | D        | Noticed a thrashing horror
  2229 | D        | Noticed a phantasmal warrior
  2229 | D        | Noticed a large abomination
  2231 | D        | Noticed a rakshasa
  2235 | D        | Noticed a starcursed mass
  2235 | D        | Noticed a large abomination
  2237 | D        | Noticed a thrashing horror
  2243 | D        | Noticed a 12-headed hydra
  2245 | D        | Killed a 12-headed hydra
  2264 | D        | Noticed a smoke demon
  2391 | D        | Noticed a shining eye
  2391 | D        | Noticed a shining eye
  2391 | D        | Noticed a shining eye
  2391 | D        | Gained mutation: You tend to lose your temper in combat. [a
                  | shining eye]
  2393 | D        | Paralysed by a floating eye for 3 turns
  2400 | D        | Paralysed by a floating eye for 4 turns
  2407 | D        | Paralysed by a floating eye for 2 turns
  2412 | D        | Paralysed by a floating eye for 3 turns
  2418 | D        | Paralysed by a floating eye for 4 turns
  2424 | D        | Gained mutation: Your body sometimes deteriorates upon
                  | taking damage. [a shining eye]
  2425 | D        | Killed a shining eye
  2430 | D        | Killed a shining eye
  2430 | D        | Gained mutation: You sometimes lose the ability to read
                  | scrolls when taking damage. [a shining eye]
  2431 | D        | Reached XP level 11. HP: 106/106 MP: 23/23
  2431 | D        | Noticed a shining eye
  2432 | D        | Gained mutation: Your body often deteriorates upon taking
                  | damage. [a shining eye]
  2434 | D        | Gained mutation: You often lose your temper in combat. [a
                  | shining eye]
  2435 | D        | Killed a shining eye
  2435 | D        | Gained mutation: You are very frail. (-20% HP) [a shining
                  | eye]
  2437 | D        | Gained mutation: You are extremely frail. (-30% HP) [a
                  | shining eye]
  2440 | D        | Killed a shining eye
  2441 | D        | Reached skill level 18 in Invocations
  2442 | D        | Noticed a shining eye
  2442 | D        | Noticed a shining eye
  2442 | D        | Gained mutation: Armour fits poorly on your strangely
                  | shaped body. [a shining eye]
  2445 | D        | Lost mutation: You often lose your temper in combat. [a
                  | shining eye]
  2448 | D        | Gained mutation: You are weak. (Str -2) [a shining eye]
  2448 | D        | Gained mutation: Your spells are a little easier to cast,
                  | but a little less powerful. [a shining eye]
  2449 | D        | Killed a shining eye
  2450 | D        | Reached skill level 10 in Shields
  2452 | D        | Gained mutation: You occasionally shout uncontrollably at
                  | your foes. [a shining eye]
  2454 | D        | Gained mutation: Your magical capacity is low. (-10% MP) [a
                  | shining eye]
  2456 | D        | Killed a shining eye
  2457 | D        | Noticed a shining eye
  2457 | D        | Noticed a shining eye
  2458 | D        | Gained mutation: You often lose your temper in combat. [a
                  | shining eye]
  2463 | D        | Gained mutation: You have an uncontrollable temper. [a
                  | shining eye]
  2470 | D        | Killed a shining eye
  2471 | D        | Killed a shining eye
  2477 | D        | Found Uppenod's Armour Shop.
  2477 | D        | Found Zawkoak's Antique Armour Emporium.
  2477 | D        | Found Culutaw's Armour Boutique.
  2478 | D        | Found Bothreicuw's Antique Armour Shoppe.
  2560 | D        | Bought a scroll of acquirement for 624 gold pieces
  2560 | D        | Acquired a +0 crystal plate armour
  2805 | D        | Bought a +3 war axe of electrocution for 282 gold pieces
  2815 | D        | Bought a +1 pair of gloves of strength for 214 gold pieces
  2866 | D        | Bought a shiny helmet for 135 gold pieces
  2871 | D        | Bought a pair of glowing boots for 135 gold pieces
  2960 | D        | Bought a scroll labelled ENGUYTZ GUTHOG for 15 gold pieces
  2960 | D        | Bought a scroll labelled WAADESME PAOMM for 15 gold pieces
  2960 | D        | Bought a bubbling ruby potion for 13 gold pieces
  2960 | D        | Bought a scroll labelled HYNTAFIOF for 15 gold pieces
  2960 | D        | Bought a tubular iron ring for 75 gold pieces
  2968 | D        | Bought a potion of invisibility for 80 gold pieces
  2968 | D        | Bought a potion of resistance for 100 gold pieces
  2968 | D        | Bought a potion of heal wounds for 50 gold pieces
  2968 | D        | Bought a potion of haste for 100 gold pieces
  2971 | D        | Bought a scroll of identify for 22 gold pieces
  3039 | D        | Noticed a daeva
  3055 | D        | Noticed a deep elf annihilator
  3064 | D        | Reached skill level 19 in Invocations
  3100 | D        | Noticed a shadow dragon
  3100 | D        | Noticed a golden dragon
  3110 | D        | Killed from afar by a shadow dragon

Illustrated notes

Levels and vault maps discovered:
D:        dungeon_sprint_1 [red_sonja_temple_1, red_sonja_temple_small_1]

Skill      XL: |  1  2  3  4  5  6  7  8  9 10 11 |
---------------+----------------------------------+-----
Axes           | 7 11 14 15 16 | 16.0
Fighting       | 7 10 12 14 16 17 18 | 18.9
Invocations    | 7 11 14 16 17 19 | 19.1
Shields        | 5 9 11 | 11.3
Armour         | 3 |  3.3
Dodging        | |  0.7

Action                   |  1- 3 |  4- 6 |  7- 9 | 10-12 || total
-------------------------+-------+-------+-------+-------++-------
Melee: Hand axe          |    17 |    37 |    48 |       ||   102
       War axe           |       |       |     5 |   144 ||   149
       Scythe            |       |       |       |    18 ||    18
       Lajatang          |       |       |       |     6 ||     6
Throw: Stone             |       |       |     2 |       ||     2
Invok: Bend Space        |       |       |     1 |       ||     1
       Banish            |       |       |     5 |     1 ||     6
       Corrupt           |       |       |       |     1 ||     1
Evoke: Wand              |       |       |       |     1 ||     1
  Use: Potion            |     1 |     4 |     1 |    10 ||    16
       Scroll            |       |       |       |    12 ||    12
Armor: Leather armour    |     1 |       |       |       ||     1
       Ring mail         |       |     5 |       |       ||     5
       Scale mail        |       |       |    33 |    58 ||    91
Dodge: Dodged            |     8 |     6 |    27 |    45 ||    86
Block: Kite shield       |       |       |       |    53 ||    53

Table legend: (Time is in decaauts)
 A = Elapsed time spent in this place.
 B = Non-inter-level travel time spent in this place.
 C = Inter-level travel time spent in this place.
 D = Time resting spent in this place.
 E = Time spent auto-exploring this place.
 F = Levels seen in this place.
 G = Mean time per level.
                   A        B        C        D        E       F      G
               +--------+--------+--------+--------+--------+-----+--------+
         Total |   3082 |   2730 |    352 |   1508 |     12 |   1 | 3082.0 |
       Dungeon |   3082 |   2730 |    352 |   1508 |     12 |   1 | 3082.0 |
               +--------+--------+--------+--------+--------+-----+--------+

Top non-repeatable levels by time:
       D: 3082 daAuts
